 Dungeon Crawl Stone Soup version 0.18.1-48-g4cf74bf (webtiles) character file.

300 Jerry the Ducker (level 6, -1/70 HPs)
             Began as a Merfolk Ice Elementalist on July 13, 2016.
             Was an Initiate of Kikubaaqudgha.
             Slain by a wyvern zombie (7 damage)
             ... on level 3 of the Dungeon.
             The game lasted 00:20:17 (4248 turns).

Jerry the Ducker (Merfolk Ice Elementalist)         Turns: 4248, Time: 00:20:17

Health: -1/70      AC: 29    Str:  8    XL:     6   Next: 36%
Magic:  8/9        EV:  2    Int: 22    God:    Kikubaaqudgha [......]
Gold:   127        SH:  0    Dex: 19    Spells: 3 memorised, 1 level left

rFire  + . .     SeeInvis .     p - +2 dagger (venom)
rCold  + . .     Gourm    +     (armour currently unavailable)
rNeg   + + +     Faith    .     (no shield)
rPois  +         Spirit   .     (helmet currently unavailable)
rElec  +         Dismiss  .     (cloak currently unavailable)
rCorr  +         Reflect  .     (gloves currently unavailable)
SustAt .         Harm     .     (boots currently unavailable)
MR     .....     NoTele   +     e - amulet of the gourmand
Stlth  ++++......               (no ring)
                                (no ring)

@: brilliant, agile, icy armour, tree-form, resistant, slow, not resistant to
hostile enchantments, stealthy
A: (change form in water), (swift swim)
a: Renounce Religion


You were on level 3 of the Dungeon.
You worshipped Kikubaaqudgha.
Kikubaaqudgha was noncommittal.
You were very full.
You were a tree.
You visited 1 branch of the dungeon, and saw 4 of its levels.

You collected 127 gold pieces.

Inventory:

Hand Weapons
 p - a +2 dagger of venom (weapon)
 t - a +0 arbalest
Missiles
 k - 79 stones
 u - 32 bolts (quivered)
Armour
 a - a +0 robe (melded)
Jewellery
 e - an amulet of the gourmand (around neck)
Scrolls
 h - a scroll of enchant weapon {unknown}
 j - a scroll of remove curse {unknown}
 l - a scroll of fear {unknown}
 v - a scroll of magic mapping {unknown}
Potions
 f - a potion of lignification
 i - a potion of resistance
 n - 2 potions of curing
Books
 b - a book of Frost

   Spells                             Type                      Level
   a - Freeze                         Ice                          1
   b - Throw Frost                    Conjuration/Ice              2
   c - Ozocubu's Armour               Charms/Ice                   3
   d - Throw Icicle                   Conjuration/Ice              4
   e - Summon Ice Beast               Ice/Summoning                4
Comestibles
 c - 2 bread rations
 d - a royal jelly
 g - a slice of pizza
 m - a meat ration
 o - 5 fruits


   Skills:
 - Level 3.1 Fighting
 - Level 5.5 Dodging
 - Level 2.1 Stealth
 - Level 2.0 Spellcasting
   Level 0.7 Conjurations
 - Level 3.1 Charms
 + Level 1.1 Summonings
 + Level 3.7 Ice Magic


You had one spell level left.
You knew the following spells:

 Your Spells              Type           Power        Failure   Level  Hunger
a - Freeze                Ice            ####         1%          1    #......
b - Ozocubu's Armour      Chrm/Ice       ####....     1%          3    ###....
c - Summon Ice Beast      Ice/Summ       ####....     10%         4    #####..


Dungeon Overview and Level Annotations

Branches:
Dungeon (4/15)
 Temple: D:4-7

Altars:
Dithmenos
Kikubaaqudgha
Makhleb
Okawaru
Qazlal
Trog


Message History

The wyvern zombie bites you but does no damage.
You hit the wyvern zombie.
The wyvern zombie bites you but does no damage. x2
You hit the wyvern zombie but do no damage.
The wyvern zombie bites you but does no damage.
You hit the wyvern zombie.
The wyvern zombie bites you but does no damage.
You hit the wyvern zombie.
The wyvern zombie bites you but does no damage.
You hit the wyvern zombie but do no damage.
The wyvern zombie bites you but does no damage. x2
You hit the wyvern zombie but do no damage.
The wyvern zombie bites you but does no damage.
You hit the wyvern zombie.
The wyvern zombie bites you but does no damage.
You barely miss the wyvern zombie.
The wyvern zombie bites you but does no damage.
The wyvern zombie bites you!
You die...
Kikubaaqudgha rasps: "You have failed me!
Welcome... death!"

#.....# #.#.#.#.#..
#.....# #.#.#.#.#.#
#.....#########
#.#.#.#.#.#
#.....#.......#
#.#...#...[
#######.......#
#.......#.# #.......#
#.......+.. #####.......#
#.......#.. .............#
#.......... ........Z♣...#
#.......... .............#
#..........
........########........#.
........# #....#........#.
........# #.##.#........#.
........# #.##.#....<...#
....... #.##.#...####.#
.### #.#...........#
#.############


You could see a wyvern zombie.

Vanquished Creatures
  3 orc priests (D:3)
  An iguana (D:3)
  An orc wizard (D:2)
  3 gnolls (D:2)
  3 adders (D:3)
  An ooze (D:3)
  3 worms
  A dart slug (D:1)
  The ghost of Tagedieb the Sneak, a weakling SpEn (D:3)
  2 giant geckos
  8 orcs (D:3)
  6 bats
  5 giant cockroaches
  7 hobgoblins
  3 jackals (D:1)
  3 giant newts
  13 goblins
  13 kobolds
  13 rats
90 creatures vanquished.

Vanquished Creatures (others)
  A hobgoblin (D:2)
1 creature vanquished.

Grand Total: 91 creatures vanquished

Notes
Turn   | Place    | Note
--------------------------------------------------------------
     0 | D:1      | Jerry the Merfolk Ice Elementalist began the quest for the Orb.
     0 | D:1      | Reached XP level 1. HP: 13/13 MP: 3/3
   250 | D:1      | Reached skill level 3 in Dodging
   269 | D:1      | Reached skill level 1 in Fighting
   269 | D:1      | Reached XP level 2. HP: 14/21 MP: 5/5
   999 | D:1      | Reached XP level 3. HP: 24/27 MP: 4/6
  1167 | D:2      | Learned a level 3 spell: Ozocubu's Armour
  1253 | D:2      | Found a shadowy altar of Dithmenos.
  1253 | D:2      | Found a burning altar of Makhleb.
  1463 | D:2      | Found a stormy altar of Qazlal.
  1631 | D:2      | Reached XP level 4. HP: 33/34 MP: 7/7
  1646 | D:2      | Reached skill level 1 in Charms
  1702 | D:2      | Found a bloodstained altar of Trog.
  2100 | D:2      | Reached skill level 4 in Dodging
  2170 | D:2      | Found an iron altar of Okawaru.
  2289 | D:3      | Found an ancient bone altar of Kikubaaqudgha.
  2294 | D:3      | Became a worshipper of Kikubaaqudgha
  2729 | D:3      | Reached XP level 5. HP: 17/41 MP: 5/8
  2969 | D:3      | Noticed Tagedieb's ghost (weakling SpEn)
  2986 | D:3      | Killed Tagedieb's ghost
  3209 | D:3      | Reached skill level 5 in Dodging
  3652 | D:2      | Reached XP level 6. HP: 18/47 MP: 9/9
  3658 | D:2      | Learned a level 4 spell: Summon Ice Beast
  3943 | D:3      | Reached skill level 1 in Summonings
  4235 | D:3      | HP: 3/70 [wyvern zombie (1)]
  4248 | D:3      | Slain by a wyvern zombie

Skill      XL: |  1  2  3  4  5  6 |
---------------+-------------------+-----
Dodging        | 3 4 5 |  5.5
Fighting       | 1 2 3 |  3.1
Charms         | 2 3 |  3.1
Summonings     | 1 |  1.1
Stealth        | |  2.1
Spellcasting   | |  2.0
Conjurations   | |  0.7
Ice Magic      | |  3.7

Action                   |  1- 3 |  4- 6 || total
-------------------------+-------+-------++-------
Melee: Club              |    75 |       ||    75
       Dagger            |    27 |    90 ||   117
 Fire: Arbalest          |       |    36 ||    36
 Cast: Freeze            |    21 |    22 ||    43
       Ozocubu's Armour  |       |     1 ||     1
  Use: Potion            |       |     5 ||     5
 Stab: Sleeping          |     9 |     2 ||    11
  Eat: Chunk             |     9 |    14 ||    23
Armor: Robe              |    20 |     7 ||    27
       Skin              |       |    16 ||    16
Dodge: Dodged            |    84 |    93 ||   177
